[Event "2nd China Preliminary Asian Games 2022"]
[Site "HangZhou"]
[Date "2022.04.20"]
[Round "6.3"]
[White "Bu, Xiangzhi"]
[Black "Xu, Xiangyu"]
[Result "1/2-1/2"]
[ECO "E56"]
[WhiteElo "2700"]
[BlackElo "2564"]
[Annotator "TA"]
[PlyCount "258"]
[EventDate "2022.04.13"]
[EventType "tourn"]
[EventCountry "CHN"]
[SourceTitle "playchess.com"]
[Source "ChessBase"]
[SourceQuality "1"]
[TimeControl "40/5400+30:1800+30"]

1. d4 Nf6 2. c4 e6 3. Nc3 Bb4 4. e3 O-O 5. Bd3 d5 6. Nf3 dxc4 7. Bxc4 c5 8. O-O Nc6 9. a3 Ba5 10. Qd3 a6 11. dxc5 Qxd3 12. Bxd3 Rd8 13. Bc2 Bxc3 14. bxc3 Rd5 15. a4 Rxc5 16. Ba3 Rd5 17. e4 Rd8 18. Bc5 e5 19. Rfb1 Re8 20. a5 h6 21. h3 Rd8 22. Rb2 Rb8 23. Bb6 Re8 24. Bc7 Ra8 25. c4 Re6 26. Rd1 Ne8 27. Bb6 Rd6 28. Rd5 Be6 29. Bb3 Rd7 30. Nxe5 Nxe5 31. Rxe5 Rd3 32. Rc5 Nf6 33. Rc7 Rd7 34. Rxd7 Nxd7 35. Be3 Rc8 36. f4 Nc5 37. Ba2 Nxe4 38. Rxb7 Nc3 39. f5 Bxf5 40. Bb3 Be6 41. Rb4 Ne4 42. Bc2 Nd6 43. c5 Nc4 44. Bf2 Nxa5 45. Bd3 Nb3 46. Bxa6 Rxc5 47. Rb8+ Kh7 48. Bxc5 Nxc5 49. Bb5 g6 50. Kf2 Kg7 51. Ke3 Nd7 52. Rd8 Nf6 53. Bc6 h5 54. Kf4 Bb3 55. Ke5 Ba2 56. Rd6 Be6 57. Bb5 Ng8 58. Be8 Nh6 59. Ra6 Ng8 60. Bc6 Nh6 61. Be4 Ng8 62. Kf4 Nf6 63. Bb1 Bc4 64. Rd6 Be6 65. Kg5 Nh7+ 66. Kf4 Nf6 67. Bd3 Nh7 68. Be4 Nf6 69. Bf3 Ne8 70. Rd8 Nf6 71. Ke5 Ng8 72. Bc6 Nf6 73. Bf3 Ng8 $1 74. Bd5 Bxd5 75. Rxd5 Nh6 76. Rd4 Ng8 77. Rf4 Nh6 78. Kd6 Ng8 79. Ke5 Nh6 $1 80. Rf1 Ng8 81. Rf2 Nh6 82. Rf6 Ng8 83. Rb6 Nh6 84. Ra6 Ng8 85. g4 (85. Ra7 $16) 85... hxg4 $14 86. hxg4 Nh6 87. g5 Nf5 88. Ra7 Nh4 89. Ra3 Nf5 90. Ra6 Nh4 91. Rd6 Nf3+ 92. Kf4 Nh4 $1 93. Rf6 Nf5 94. Ke5 Kf8 95. Ra6 Ng7 96. Ra7 Ke8 97. Kf6 Nh5+ 98. Ke5 Ng7 99. Ra8+ Ke7 100. Rb8 Ne8 101. Rb7+ Kf8 102. Kd5 Ng7 103. Rb6 Ke7 104. Rb7+ Kf8 105. Kd6 Nf5+ 106. Kd7 f6 107. Ke6 fxg5 108. Kf6 Ke8 109. Kxg5 Kd8 110. Kxg6 Nd6 111. Rh7 Nc8 112. Kf6 Nd6 113. Ke6 Nc8 114. Rd7+ Ke8 115. Rd4 Ne7 116. Rg4 Kd8 117. Rd4+ Ke8 118. Rh4 Ng6 119. Re4 Nf8+ $1 120. Kf6+ Kd8 121. Rd4+ Ke8 122. Re4+ Kd8 123. Re7 Nd7+ $1 124. Ke6 Nb6 125. Rb7 Nc8 $1 126. Rh7 Nb6 127. Kd6 Nc8+ $1 128. Kc6 Ne7+ 129. Rxe7 Kxe7 1/2-1/2

[Event "2nd China Preliminary Asian Games 2022"]
[Site "HangZhou"]
[Date "2022.04.21"]
[Round "7.1"]
[White "Xu, Xiangyu"]
[Black "Ding, Liren"]
[Result "1/2-1/2"]
[ECO "E35"]
[WhiteElo "2564"]
[BlackElo "2799"]
[Annotator "TA"]
[PlyCount "71"]
[EventDate "2022.04.13"]
[EventType "tourn"]
[EventCountry "CHN"]
[SourceTitle "playchess.com"]
[Source "ChessBase"]
[SourceQuality "1"]
[TimeControl "40/5400+30:1800+30"]

1. d4 Nf6 2. c4 e6 3. Nc3 Bb4 4. Qc2 d5 5. cxd5 exd5 6. Bg5 h6 7. Bh4 $1 {[%emt 0:00:06] The main line 7.Bh4 scores better than 7.Bxf6.} O-O 8. e3 {[%emt 0:03:42] E35: Nimzo-Indian: Classical: 4...d5 5 cxd5 exd5.} c5 9. dxc5 Be6 10. Nf3 Nbd7 11. a3 Bxc3+ 12. Qxc3 {[%emt 0:00:08] Strongly threatening Bd3.} g5 $1 {[%emt 0:00:02] [#] White must now prevent ...Ne4.} 13. Bg3 {[%emt 0:01:16] And now Bd3 would win.} Ne4 14. Qc2 Ndxc5 15. Be2 Rc8 {[%emt 0:15:00][%cal Od5d4] aiming for ...d4!} ({Much less strong is} 15... Nxg3 16. hxg3 Ne4 17. Qa4 $14) 16. Qd1 Qb6 ({Much worse is} 16... Nxg3 17. hxg3 Qf6 18. Qd4 $14) 17. b4 {[%emt 0:00:56][%cal Bb2b4,Bb4c5][%mdl 32] The position is equal.} Nc3 18. bxc5 Qb2 19. Be5 Nxd1 20. Bxb2 Nxb2 21. Rb1 Na4 22. Rxb7 Nxc5 {[%emt 0:01:56] [#]} 23. Rxa7 $146 ({Predecessor:} 23. O-O Nxb7 {0-1 (23) Behling,H (2282)-De Oliveira,D (2102) ICCF email 2016}) 23... Nd3+ {[%emt 0:01:35][%mdl 64] [#] Deflection} 24. Kd2 $1 ({Much weaker is} 24. Bxd3 Rc1+ 25. Kd2 Rxh1 $17) 24... Nxf2 25. Rc1 Ne4+ 26. Kd1 Nf2+ 27. Kd2 Ne4+ 28. Kd1 Rxc1+ 29. Kxc1 Rc8+ 30. Kb2 Rb8+ 31. Kc2 Rc8+ 32. Kb2 Rc3 33. a4 Rxe3 34. Nd4 Nd6 $1 {[%emt 0:00:26] ...Nf5 is the strong threat.} 35. Bh5 Bc8 36. Rc7 {[%emt 0:01:20] An interesting draw.  Weighted Error Value: White=0.03 (flawless) /Black=0.01 (flawless)} 1/2-1/2

[Event "2nd China Preliminary Asian Games 2022"]
[Site "HangZhou"]
[Date "2022.04.21"]
[Round "7.2"]
[White "Wei, Yi"]
[Black "Bu, Xiangzhi"]
[Result "1/2-1/2"]
[ECO "C54"]
[WhiteElo "2729"]
[BlackElo "2700"]
[Annotator "TA"]
[PlyCount "63"]
[EventDate "2022.04.13"]
[EventType "tourn"]
[EventCountry "CHN"]
[SourceTitle "playchess.com"]
[Source "ChessBase"]
[SourceQuality "1"]
[TimeControl "40/5400+30:1800+30"]

1. e4 e5 2. Nf3 Nc6 3. Bc4 Bc5 4. c3 Nf6 5. d3 d6 6. O-O a5 {[%emt 0:03:00] The position is equal. C54: Giuoco Piano: 4 c3 Nf6, main lines with 5 d4 and 5 d3.} 7. Re1 h6 8. Nbd2 O-O 9. h3 a4 10. Bb5 Bd7 11. Nc4 Na5 12. Nxa5 (12. Bxd7 {is interesting.} Qxd7 13. Ne3 Bxe3 14. Bxe3 Nc6 15. c4) 12... Rxa5 ({Don't take} 12... Bxb5 13. Nxb7 Bxf2+ 14. Kxf2 $14) 13. Bxd7 Qxd7 {[%emt 0:00:39] [#]} 14. Be3 $146 ({Predecessor:} 14. Nh4 d5 15. Qf3 dxe4 16. dxe4 Kh7 17. Nf5 Qc6 18. Bd2 Rd8 19. Rad1 Raa8 20. Bc1 {0-1 (72) Knoeppel,B (1922)-Kolanek,R (2089) LSS email 2011}) 14... Bxe3 15. Rxe3 Re8 16. b4 axb3 17. axb3 Rea8 18. Rxa5 Rxa5 19. d4 Ra8 20. c4 Qe7 21. b4 exd4 22. Qxd4 Nd7 23. e5 Nxe5 24. Nxe5 dxe5 25. Qxe5 Qxe5 26. Rxe5 $11 {[%emt 0:00:04][%mdl 4096] Endgame KR-KR} Kf8 27. Kf1 Ra4 28. Rc5 Rxb4 {[%emt 0:00:14] Threatens to win with ...c6.} 29. Rxc7 Rb2 30. c5 g6 31. c6 bxc6 32. Rxc6 {[%emt 0:00:05] An even fight not without its subleties.  Weighted Error Value: White=0.03 (flawless) /Black=0.02 (flawless)} 1/2-1/2

[Event "2nd China Preliminary Asian Games 2022"]
[Site "HangZhou"]
[Date "2022.04.21"]
[Round "7.3"]
[White "Zhang, Zhong"]
[Black "Ma, Qun"]
[Result "0-1"]
[ECO "A05"]
[WhiteElo "2640"]
[BlackElo "2645"]
[Annotator "TA"]
[PlyCount "126"]
[EventDate "2022.04.13"]
[EventType "tourn"]
[EventCountry "CHN"]
[SourceTitle "playchess.com"]
[Source "ChessBase"]
[SourceQuality "1"]
[TimeControl "40/5400+30:1800+30"]

1. Nf3 Nf6 2. g3 b5 3. Bg2 Bb7 4. d3 e6 5. O-O d6 6. e4 c5 7. Ng5 {[%emt 0:01:05] A05: Réti Opening: 1 Nf3 Nf6.} h6 8. Nh3 Nc6 9. f4 {[%emt 0:00:21] The position is equal.} Be7 10. Be3 {[%emt 0:01:22] [#]} Qc7 $146 ({Predecessor:} 10... h5 11. Nf2 d5 12. e5 Nd7 13. c4 bxc4 14. dxc4 Nb6 15. Na3 Rb8 16. Nd3 d4 {0-1 (40) Zhang,Z (2639)-Anand,V (2766) Wijk aan Zee 2004}) 11. c3 h5 12. Nf2 d5 13. Na3 (13. e5 $5 Nd7 14. Na3 $11) 13... a6 14. Nc2 h4 15. g4 h3 16. Bf3 dxe4 $1 17. dxe4 (17. Nxe4 $11 Nxe4 18. Bxe4) 17... g5 $1 $17 {[%emt 0:00:30] &Nero is more active.} 18. fxg5 Nh7 19. g6 fxg6 20. a4 ({Better is} 20. Qe2 $1 $15) 20... bxa4 21. Qe2 Ng5 22. Bxg5 Bxg5 23. e5 {[%emt 0:00:05] Ne4 is the strong threat.} O-O-O $1 24. Ne4 {[%emt 0:01:47] Against Rd2} Be7 {[%emt 0:01:16] This bishop pair is nice.} 25. Nd6+ Bxd6 26. exd6 Rxd6 27. Na3 Na5 28. Rf2 Bxf3 29. Qxf3 Qc6 {[%emt 0:00:30] Against Qa8+} (29... Qb7 $1 $17 {Strongly threatening ...Qxf3.} 30. Qe3 Qc6) 30. Qg3 (30. Qxc6+ $1 $15 Rxc6 31. Re1) 30... Qd7 31. Raf1 Rd1 32. Qe5 Rxf1+ 33. Rxf1 Rd8 34. Qxc5+ Qc6 35. Qxc6+ Nxc6 {[%emt 0:00:04][%mdl 4096] Endgame KRN-KRN} 36. Nc4 {[%emt 0:00:10] Against Ne5} a3 $1 37. bxa3 Rd3 $1 38. Rf8+ Kd7 39. Rf7+ Kd8 40. Rf8+ {[%emt 0:00:00] [#]} Ke7 $1 41. Rc8 {[%emt 0:13:33] [#]} Kd7 42. Nb6+ Kd6 43. Na4 {[%emt 0:09:32] This costs White the game.} (43. Nc4+ $17 Kd5 44. Kf2) 43... Rf3 $19 44. g5 Ne5 45. Rd8+ (45. Nb6 $142) 45... Ke7 46. Rb8 ({Inferior is} 46. Ra8 Rf5 47. Ra7+ Kd8 $19) 46... Nd3 {[%emt 0:04:23] Prevents Nc5.} 47. Rb1 $2 (47. Rb7+ Kd6 48. Rb1) 47... Rf2 48. Rd1 Rg2+ 49. Kf1 Ne5 50. Nb6 Rxg5 (50... Rxh2 $142 {( -> ...Rh1+)} 51. Rd4 Rc2 52. Nc8+ Kf8 53. Rf4+ Kg7) 51. Nc8+ $2 (51. Rd2 {was forced.}) 51... Kf6 {[%emt 0:01:07] And now ...Rg2 would win.} 52. Nd6 {[%emt 0:00:04] Threatens to win with Ne4+.} Rg2 53. Rd2 (53. Ne4+ $142 Kf5 54. Nf2) 53... Rxd2 54. Ne4+ Kf5 55. Nxd2 {[%emt 0:00:03] KN-KN} Kf4 56. Ke2 g5 {[%emt 0:00:24][%cal Bg6g5,Bg5g4][%mdl 32] Hoping for ...Ng4.} 57. c4 g4 {[%emt 0:00:13] aiming for ...g3.} 58. Kf2 {[%emt 0:01:12] Prevents g3+.} a5 59. a4 Nd3+ 60. Ke2 Nc5 {[%emt 0:00:03] Black is clearly winning.} 61. Kf2 e5 62. Nf1 Nxa4 (62... Ne4+ $142 63. Ke1 g3 64. hxg3+ Kf3) 63. Ne3 Nc3 {[%emt 0:00:35] Weighted Error Value: White=0.71/Black=0.20 (precise)} 0-1

[Event "2nd China Preliminary Asian Games 2022"]
[Site "HangZhou"]
[Date "2022.04.22"]
[Round "8.1"]
[White "Ding, Liren"]
[Black "Wei, Yi"]
[Result "1/2-1/2"]
[ECO "D41"]
[WhiteElo "2799"]
[BlackElo "2729"]
[Annotator "TA"]
[PlyCount "91"]
[EventDate "2022.04.13"]
[EventType "tourn"]
[EventCountry "CHN"]
[SourceTitle "playchess.com"]
[Source "ChessBase"]
[SourceQuality "1"]
[TimeControl "40/5400+30:1800+30"]

1. d4 Nf6 2. c4 e6 3. Nf3 d5 4. Nc3 c5 5. cxd5 cxd4 6. Qxd4 exd5 7. e4 {[%emt 0:05:01] D41: Queen's Gambit Declined: Semi-Tarrasch with 5 cxd5.} dxe4 8. Qxd8+ Kxd8 9. Ng5 {[%emt 0:00:03][%csl LRe4,LRf7] White has an edge.} Be6 10. Nxe6+ fxe6 11. Bg5 Nc6 {[%emt 0:02:08] seems to push 11...Ke8 aside.} 12. Bc4 Ke7 13. Nxe4 Kf7 14. Bxf6 gxf6 15. O-O-O Rd8 {[%emt 0:00:38] Prevents Rd7+.} ({Don't do} 15... Ne5 16. Bb3 $16) 16. Rxd8 Nxd8 17. Rd1 Be7 18. Rd7 {[%emt 0:00:05] [#] Strongly threatening Nd6+.} f5 19. Nd6+ Kf6 20. Nxb7 Nxb7 21. Rxb7 $14 {[%emt 0:00:04][%mdl 4096] Endgame KRB-KRB} Bc5 22. Rc7 Bxf2 23. Rc6 Re8 24. b4 {[%emt 0:00:05][%cal Bb2b4,Bb4b5,Bb5c6][%mdl 32] [#]} Rb8 $146 ({Black should try} 24... f4 $11) ({Predecessor:} 24... Bg1 25. h3 Rb8 26. Rxe6+ Kg5 27. b5 Rc8 28. Rc6 Rxc6 29. bxc6 Bb6 30. Kd2 Kf6 {½-½ (38) Keymer,V (2664)-Vidit,S (2727) Berlin 2022}) 25. Rxe6+ Kg5 26. b5 $1 Rc8 27. Rc6 Rxc6 28. bxc6 {[%emt 0:00:03] [#] Hoping for c7. KB-KB} Bb6 29. Kc2 Bc7 30. Kb3 f4 31. Ba6 Kf6 32. Kc4 h6 33. Kd5 Ke7 34. a4 (34. h3 $16) 34... Kf6 (34... f3 $1 $14 35. gxf3 Bxh2) 35. h3 $16 Ke7 36. Kc5 Kf6 37. a5 Ke7 {[%emt 0:00:05] White is slightly better.} 38. Kb5 Bd8 39. Bc8 Kd6 40. Bd7 Bc7 41. Ka6 Bd8 $1 42. Kxa7 {[%emt 0:00:44] Black must now prevent Ka6.} Bxa5 43. Kb7 Bd8 44. Bg4 Ba5 45. Bf3 Bd8 46. Bg4 {[%emt 0:00:07] Weighted Error Value: White=0.06 (flawless) /Black=0.08 (flawless)} (46. Be4 $14) 1/2-1/2

[Event "2nd China Preliminary Asian Games 2022"]
[Site "HangZhou"]
[Date "2022.04.22"]
[Round "8.2"]
[White "Ma, Qun"]
[Black "Xu, Xiangyu"]
[Result "1-0"]
[ECO "B90"]
[WhiteElo "2645"]
[BlackElo "2564"]
[Annotator "TA"]
[PlyCount "55"]
[EventDate "2022.04.13"]
[EventType "tourn"]
[EventCountry "CHN"]
[SourceTitle "playchess.com"]
[Source "ChessBase"]
[SourceQuality "1"]
[TimeControl "40/5400+30:1800+30"]

1. e4 c5 2. Nf3 d6 3. d4 cxd4 4. Nxd4 Nf6 5. Nc3 a6 6. Rg1 b5 7. a4 {[%emt 0:00:15] B90: Sicilian Najdorf: Unusual White 6th moves, 6 Be3 Ng4 and 6 Be3 e5.} b4 8. Nd5 e6 9. Nxf6+ {[%emt 0:00:16] The position is equal.} Qxf6 10. Be3 Bb7 11. Qd2 {[%emt 0:00:07] [#]} Qd8 $146 ({Better is} 11... Bxe4 $11 12. f3 (12. Qxb4 Nd7 $11) 12... Bd5) ({Predecessor:} 11... Bxe4 12. f3 Bb7 13. Qxb4 Qe7 14. Qb6 Qd7 15. O-O-O Qc8 16. Nb3 Nc6 17. Bd4 e5 {1-0 (76) Nepomniachtchi,I (2784)-Giri,A (2764) chess24.com INT 2020}) 12. Qxb4 $14 Qc7 13. Nb3 (13. f3 $14) 13... Nd7 14. Bd3 d5 15. Qa5 $36 {[%emt 0:01:00][%mdl 2048] White is more active.} Qb8 16. Nc5 Nxc5 17. Bxc5 dxe4 $2 {[%emt 0:00:10][%mdl 8192] [#]} (17... Bxc5 $11 18. Qxc5 dxe4) 18. Bb5+ $1 $18 {[%emt 0:09:41][%mdl 512] White is clearly winning.} axb5 19. Qxb5+ Kd8 {[%emt 0:00:06] [#]} 20. O-O-O+ $1 ({Not} 20. Bb6+ Ke7 21. O-O-O Qe8 22. Qc5+ Kf6 $11) 20... Bd5 {[%emt 0:00:12] [#]} 21. Rxd5+ $1 exd5 22. Bb6+ {[%emt 0:00:07][%cal Bc5b6,Bb6e3,Be3d4][%mdl 96] Discovered Attack} Ke7 {[%emt 0:00:09] [#]} 23. Rd1 $1 Qf4+ 24. Be3 Qc7 {[%emt 0:00:14] Threatens to win with ...Qd7.} 25. Rxd5 Ke6 {[%emt 0:00:55] Prevents Re5+.} (25... Rd8 $142 26. Re5+ Kf6 27. Rf5+ Ke7) 26. Qb3 {[%emt 0:03:19] Intending Rc5+ and mate.} ({Stronger than} 26. Rh5 Bd6 27. Qf5+ Ke7 28. Qxe4+ Kd7 $11) 26... Kf6 27. Bd4+ Ke7 28. Re5+ {[%emt 0:01:23] Weighted Error Value: White=0.06 (flawless) /Black=0.69} ({Weaker is} 28. Rf5 Ke8 $18) 1-0

[Event "2nd China Preliminary Asian Games 2022"]
[Site "HangZhou"]
[Date "2022.04.22"]
[Round "8.3"]
[White "Bu, Xiangzhi"]
[Black "Zhang, Zhong"]
[Result "1-0"]
[ECO "D10"]
[WhiteElo "2700"]
[BlackElo "2640"]
[Annotator "TA"]
[PlyCount "83"]
[EventDate "2022.04.13"]
[EventType "tourn"]
[EventCountry "CHN"]
[SourceTitle "playchess.com"]
[Source "ChessBase"]
[SourceQuality "1"]
[TimeControl "40/5400+30:1800+30"]

1. d4 d5 2. c4 dxc4 3. e4 b5 4. a4 c6 5. Nc3 b4 6. Na2 Nf6 7. e5 Nd5 8. Bxc4 e6 9. Nf3 Be7 {[%emt 1:28:40] Against Bg5. D10: Slav Defence: 3 cxd5 (without early Nf3) and 3 Nc3.} 10. Bd2 a5 11. Nc1 Nd7 {[%emt 0:00:00] The position is equal.} 12. Nb3 Bb7 13. O-O c5 14. dxc5 O-O 15. Bd3 Rc8 (15... Nxc5 $2 16. Nxc5 Bxc5 17. Bxh7+ $1 (17. Qc2 Rc8 $11) 17... Kxh7 18. Ng5+ (18. Qc2+ Kg8 $11) 18... Kg8 19. Qh5 Qxg5 20. Bxg5 $18) 16. Rc1 Bc6 $1 ({Resist} 16... Nxc5 17. Nxc5 Bxc5 18. Bxh7+ $1 Kxh7 19. Ng5+ Kg6 20. Rxc5 $1 Rxc5 21. Qb1+ f5 22. exf6+ Kxf6 23. Ne4+ Kf7 24. Nxc5 $16) (16... Bxc5 17. Bxh7+ Kxh7 18. Nxc5 Nxc5 19. Ng5+ Kg6 20. Rxc5 $1 Rxc5 21. Qb1+ f5 22. exf6+ Kxf6 23. Ne4+ Kf7 24. Nxc5 $16) 17. Nbd4 {[%emt 0:06:19] [#]} (17. Ba6 $5 Bxa4 18. Bxc8 Qxc8 19. Nfd4 $14 (19. c6 Nc5 $14)) 17... g6 $146 (17... Nxc5 $11 18. Nxc6 Rxc6) ({Predecessor:} 17... h6 18. Qe2 Nxc5 19. Rxc5 Bxc5 20. Nxc6 Rxc6 21. Qe4 g6 22. Bxh6 Be7 23. Nd4 Rb6 24. Bxf8 Qxf8 {1-0 (41) Ryjanova,J (2330)-Frayna,J (2287) Batumi 2018}) 18. Bh6 $16 Re8 19. Nxc6 {[%emt 0:00:11] &Bianco is more active.} Rxc6 20. Bb5 {[%emt 0:00:03] This bishop pair is nice.} Rxc5 21. Nd4 $36 {[%emt 0:00:53][%cal Bf3d4,Bd4b3,Bb3a5][%mdl 2080] Black is under strong pressure.} Qc7 {[%emt 0:00:00] [#]} 22. Nb3 $1 Rxc1 23. Qxc1 Rc8 24. Qxc7 Rxc7 25. Bxd7 Rxd7 26. Nxa5 {[%emt 0:00:20] aiming for Rc1.} f5 ({Black should try} 26... Bf8 $1 $14 27. Bxf8 Kxf8) 27. Nc6 $18 Bc5 (27... Bf8 {was called for.}) 28. Rc1 Nc7 (28... Bf8 $142) 29. Kf1 Na6 {[%emt 0:01:27] [#]} 30. Nb8 $1 Nxb8 31. Rxc5 {[%emt 0:00:02][%mdl 4096] Endgame Rc8+ is the strong threat. KRB-KRN} Kf7 32. Ke2 Rd5 33. Be3 Rd7 34. f4 {[%emt 0:00:54] White is clearly winning.} Rb7 (34... h6 $142 35. a5 Ke8) 35. Rb5 Rxb5 36. axb5 {[%emt 0:00:01] KB-KN} Ke8 37. Kd3 Kd8 38. Kc4 Kc7 39. Kxb4 Nd7 40. Ka5 Kb7 41. b6 g5 42. g3 {[%emt 0:51:53] Weighted Error Value: White=0.02 (flawless) /Black=0.34} 1-0

[Event "2nd China Preliminary Asian Games 2022"]
[Site "HangZhou"]
[Date "2022.04.23"]
[Round "9.1"]
[White "Zhang, Zhong"]
[Black "Ding, Liren"]
[Result "0-1"]
[ECO "B52"]
[WhiteElo "2640"]
[BlackElo "2799"]
[Annotator "TA"]
[PlyCount "128"]
[EventDate "2022.04.13"]
[EventType "tourn"]
[EventCountry "CHN"]
[SourceTitle "playchess.com"]
[Source "ChessBase"]
[SourceQuality "1"]
[TimeControl "40/5400+30:1800+30"]

1. e4 c5 2. Nf3 d6 3. Bb5+ Bd7 4. c4 Nc6 5. Nc3 Nf6 6. d4 {[%emt 0:00:32] B52: Sicilian: Moscow Variation with 3...Bd7.} cxd4 7. Nxd4 g6 8. h3 {[%emt 0:01:11] The position is equal.} Bg7 9. Be3 O-O 10. O-O Nxd4 11. Bxd4 Be6 12. Qd3 a6 13. Ba4 Rc8 14. Nd5 Nxd5 15. cxd5 Bd7 16. Bxd7 Qxd7 17. Bxg7 Kxg7 {[%emt 0:00:07] [#]} 18. Rfc1 $146 ({Predecessor:} 18. Rac1 Rxc1 19. Rxc1 Rc8 20. Rc4 f6 21. Qc3 Rxc4 22. Qxc4 Qd8 23. b4 Qd7 24. Qc2 {1-0 (34) Bacrot,E (2692)-Gelfand,B (2731) Ashdod 2015}) 18... f6 19. Qd1 h5 20. b3 Rxc1 21. Rxc1 $11 {[%emt 0:00:08][%mdl 4096] Endgame KQR-KQR} Rc8 22. Rc2 Qd8 23. Qc1 Rxc2 24. Qxc2 {[%emt 0:00:03] KQ-KQ} Qa5 25. Kf1 Qb4 26. a4 Qd4 27. Ke2 h4 28. Qd3 Qe5 29. Qe3 Qb2+ 30. Kf3 Qe5 31. Ke2 Kf7 32. g3 hxg3 33. fxg3 Qb2+ 34. Kf3 Qc2 35. h4 {[%emt 0:03:19] Prevents g5.} b5 36. axb5 axb5 37. b4 Qb1 38. Qd2 Kg7 39. Ke3 Kh7 40. Kf3 Kg7 41. Ke3 Kh6 42. Kf3+ g5 43. hxg5+ fxg5 44. Qc3 {[%emt 0:00:09] Threatens to win with Qh8+.} Kg6 45. Qc6 $2 (45. Qd2 $11) 45... Qd3+ $19 ({Don't play} 45... Qxb4 46. Qe8+ Kh6 47. Qf8+ (47. Qxe7 Qc3+ 48. Kg2 Qc2+ 49. Kg1 Qd1+ 50. Kf2 Qd2+ 51. Kg1 Qd1+ 52. Kh2 Qe2+ 53. Kh3 Qh5+ 54. Kg2 Qe2+ 55. Kh3 Qh5+ 56. Kg2 Qe2+ 57. Kh3 $11) 47... Kh7 48. Qxe7+ Kg6 49. Qe8+ Kf6 50. Qf8+ Kg6 51. Qf5+ Kg7 52. Qxg5+ Kf8 53. Qf5+ Kg8 54. Qg5+ Kh7 55. Qe7+ Kg6 56. Qe8+ Kh6 57. Qe6+ Kg7 58. Qe7+ Kg6 59. Qe8+ Kh6 60. Qf8+ Kg6 61. Qf5+ Kg7 62. Qd7+ Kh6 63. Qe6+ Kg7 64. Qe7+ Kg6 $16) 46. Kf2 {[%emt 0:00:01] [#]} Kf6 $1 ({Worse is} 46... Qxe4 47. Qxb5 Kf6 48. Qe8 $17) 47. Qe8 Qxe4 48. Qf8+ Kg6 49. Qg8+ $2 {[%emt 0:01:36][%mdl 8192] [#] White does not recover from this.} (49. Qe8+ $17 Kf5 50. Qxb5) 49... Kh5 $1 50. Qe8+ (50. Qc8 $142 Qxd5 51. Qh3+ Kg6 52. Qh8) 50... Kg4 {[%emt 0:00:34] ...Qf3+ is the strong threat.} 51. Qxb5 Qf3+ 52. Ke1 Qxg3+ 53. Kd2 Qf4+ 54. Kc3 Qc1+ 55. Kb3 Qd1+ 56. Kc3 Kf3 {[%emt 0:01:13] aiming for ...g4.} 57. Qe8 Qc1+ 58. Kb3 g4 {[%emt 0:00:14][%cal Bg5g4,Bg4g3][%mdl 32] Strongly threatening ...Qd1+.} 59. Qh5 Qd1+ 60. Ka3 Qa1+ 61. Kb3 Qe5 {[%emt 0:00:44] Inhibits Qf5+.} 62. Qh1+ Kf2 {[%emt 0:00:14] Black mates.} 63. Qh4+ g3 64. b5 Qf6 {[%emt 0:00:52] Weighted Error Value: White=0.60/Black=0.09 (flawless)} 0-1

[Event "2nd China Preliminary Asian Games 2022"]
[Site "HangZhou"]
[Date "2022.04.23"]
[Round "9.2"]
[White "Bu, Xiangzhi"]
[Black "Ma, Qun"]
[Result "1/2-1/2"]
[ECO "D41"]
[WhiteElo "2700"]
[BlackElo "2645"]
[Annotator "TA"]
[PlyCount "61"]
[EventDate "2022.04.13"]
[EventType "tourn"]
[EventCountry "CHN"]
[SourceTitle "playchess.com"]
[Source "ChessBase"]
[SourceQuality "1"]
[TimeControl "40/5400+30:1800+30"]

1. Nf3 d5 2. d4 Nf6 3. c4 e6 4. Nc3 c5 5. cxd5 Nxd5 6. e4 Nxc3 7. bxc3 cxd4 8. cxd4 Bb4+ 9. Bd2 Bxd2+ 10. Qxd2 O-O 11. Rd1 {[%emt 0:00:08] D41: Queen's Gambit Declined: Semi-Tarrasch with 5 cxd5.} b6 12. h4 Bb7 13. Bd3 Nd7 14. O-O Rc8 15. Rfe1 {[%emt 0:00:22] [#]} Re8 $146 ({Predecessor:} 15... Nf6 16. a4 h6 17. a5 bxa5 18. Ra1 Ba8 19. Rxa5 Rc7 20. Ra6 Re8 21. Qa5 Qb8 {½-½ (50) Hakobyan,A (2612)-Erigaisi,A (2675) Fagernes 2022}) 16. Bb1 Qc7 17. Qe3 Nf6 18. Rc1 Qe7 19. Rxc8 Rxc8 20. Qd2 Nd7 21. Qb2 h6 22. Qb3 Nf6 23. Nd2 Qd6 24. Qd3 {[%emt 0:04:21] [#]} (24. Nf3 $15 Qc7 25. Qa3) 24... Qc6 (24... Qb4 $1 $17 25. e5 {[#]} Rc3 $1) 25. f3 Qc3 (25... Qa4 $15) 26. Qxc3 $11 {[%emt 0:00:14] The position is equal.} Rxc3 27. Kf2 Kf8 28. Re3 Rxe3 29. Kxe3 g5 30. hxg5 hxg5 31. Bd3 {[%emt 0:01:15] Weighted Error Value: White=0.09 (flawless) /Black=0.12 (very precise)} 1/2-1/2

[Event "2nd China Preliminary Asian Games 2022"]
[Site "HangZhou"]
[Date "2022.04.23"]
[Round "9.3"]
[White "Wei, Yi"]
[Black "Xu, Xiangyu"]
[Result "1/2-1/2"]
[ECO "D38"]
[WhiteElo "2729"]
[BlackElo "2564"]
[Annotator "TA"]
[PlyCount "69"]
[EventDate "2022.04.13"]
[EventType "tourn"]
[EventCountry "CHN"]
[SourceTitle "playchess.com"]
[Source "ChessBase"]
[SourceQuality "1"]
[TimeControl "40/5400+30:1800+30"]

1. d4 Nf6 2. c4 e6 3. Nc3 Bb4 4. Nf3 d5 5. Bg5 h6 6. Bxf6 Qxf6 7. e3 O-O 8. Rc1 dxc4 9. Bxc4 c5 10. O-O {[%emt 0:00:03] Black should prevent Ne4. The position is equal.} cxd4 {[%emt 0:00:13] D38: Queen's Gambit Declined: Ragozin Defence (4 Nf3 Bb4).} 11. Ne4 Qe7 12. Nxd4 Bd7 13. Be2 Nc6 14. a3 Nxd4 15. Qxd4 {[%emt 0:00:02] [#] Strongly threatening Rc7.} Ba5 {[%emt 0:00:12][%cal Bb4a5,Ba5d8,Bd8e7][%mdl 32] Inhibits Rc7.} 16. Qc5 Bd8 17. Qxe7 {[%emt 0:00:06] The old main line.} Bxe7 18. Rc7 Rfd8 19. Bf3 {[%emt 0:00:02] [#]} a5 $146 ({Predecessor:} 19... Kf8 20. Rxb7 Rab8 21. Rxb8 Rxb8 22. b4 Rc8 23. h3 f5 24. Ng3 Rc3 25. Ra1 Bf6 {½-½ (34) Tan,Z (2517)-Ju,W (2567) Huaian 2017}) 20. Rxb7 Rab8 21. Rxb8 Rxb8 22. Rd1 Bc6 23. Rd2 Bxa3 24. bxa3 Rb1+ 25. Rd1 Bxe4 26. Rxb1 Bxb1 $11 {[%emt 0:00:06][%mdl 4096] Endgame KB-KB} 27. Kf1 Kf8 28. Ke2 Ke7 29. Kd2 Kd6 30. Kc3 Kc5 31. g3 f6 32. Bg2 Bh7 33. f4 e5 34. Bf3 Bb1 35. Bg2 {[%emt 0:00:37] A balanced but interesting game.  Weighted Error Value: White=0.00 (flawless) /Black=0.00 (flawless)} 1/2-1/2